 Dungeon Crawl Stone Soup version 0.18-a0-659-gb9673d2 (webtiles) character file.

3144 Alethiolet the Destroyer (level 9, 0/57 (62) HPs)
             Began as a Demigod Conjurer on Dec 5, 2015.
             Slain by a two-headed ogre
             ... wielding a +0 giant club
              (28 damage)
             ... on level 8 of the Dungeon.
             The game lasted 00:39:33 (7182 turns).

Alethiolet the Destroyer (Demigod Conjurer)         Turns: 7182, Time: 00:39:33

HP:   0/57 (62)     AC:  7    Str: 15    XL:     9   Next: 35%
MP:   17/21         EV: 12    Int: 29    God:
Gold: 537           SH:  0    Dex: 16    Spells: 5 memorised, 5 levels left

rFire  + + .     SeeInvis .     h - +6 flail of Jippupto {flame, +Inv rF+ rN+ MR+}
rCold  + . .     Clarity  +     a - +0 robe
rNeg   + . .     SustAt   +     (no shield)
rPois  +         Gourm    .     (helmet restricted)
rElec  .         Spirit   .     (no cloak)
rCorr  .         Dismiss  .     (no gloves)
rMut   .         Stasis   .     E - +0 pair of boots
MR     +....                    V - amulet of Curiosity {Clar rF+ rC+ Str+4 Int+2}
Stlth  ++........               G - ring of wizardry
                                k - +4 ring of protection

@: drained, somewhat resistant to hostile enchantments, unstealthy
A: antennae 1, beak, claws 1, hooves 1, clever 1, high mp 1, poison resistance,
regeneration 1, sustain attributes, MP-powered wands
a: Evoke Invisibility


You were on level 8 of the Dungeon.
You were not hungry.

You visited 1 branch of the dungeon, and saw 8 of its levels.
You also visited: Ossuary.

You collected 537 gold pieces.

Inventory:

Hand Weapons
 h - the +6 flail of Jippupto (weapon) {flame, +Inv rF+ rN+ MR+}
   (You found it on level 4 of the Dungeon)

   It has been specially enchanted to burn those struck by it, causing extra
   injury to most foes and up to half again as much damage against particularly
   susceptible opponents.
   It protects you from fire.
   It protects you from negative energy.
   It affects your resistance to hostile enchantments.
   It lets you turn invisible.
 s - a +5 giant club
Armour
 a - a +0 robe (worn)
 u - a +2 helmet
 E - a +0 pair of boots (worn)
Jewellery
 k - a +4 ring of protection (left claw)
 v - a +1 ring of protection
 z - an uncursed amulet of stasis
 F - an uncursed amulet of regeneration
 G - a ring of wizardry (right claw)
 V - the amulet of Curiosity (around neck) {Clar rF+ rC+ Str+4 Int+2}
   (You found it on level 7 of the Dungeon)

   [amulet of clarity]

   It provides mental clarity.
   It affects your strength (+4).
   It affects your intelligence (+2).
   It protects you from fire.
   It protects you from cold.
Wands
 Q - a wand of polymorph (24)
 U - a wand of lightning (5)
 W - a wand of fire (9)
Scrolls
 d - a scroll of enchant armour
 j - 6 scrolls of remove curse
 m - a scroll of magic mapping
 q - 5 scrolls of teleportation
 y - 3 scrolls of fog
 M - 3 scrolls of enchant weapon
 P - a scroll of amnesia
Potions
 e - a potion of ambrosia
 f - 4 potions of heal wounds
 i - 5 potions of agility
 n - a potion of cure mutation {unknown}
 p - a potion of lignification
 r - a potion of berserk rage {unknown}
 t - 2 potions of flight
 w - 3 potions of brilliance
 C - a potion of might
 D - a potion of poison {unknown}
 J - a potion of cancellation {unknown}
 K - a potion of curing
 N - a potion of haste
Books
 b - a book of Conjurations

   Spells                             Type                      Level
   a - Magic Dart                     Conjuration                  1
   b - Searing Ray                    Conjuration                  2
   c - Dazzling Spray                 Conjuration/Hexes            3
   d - Fulminant Prism                Conjuration/Hexes            4
   e - Iskenderun's Mystic Blast      Conjuration                  4
   f - Iskenderun's Battlesphere      Conjuration/Charms           5
 g - a book of Envenomations

   Spells                             Type                      Level
   a - Spider Form                    Transmutation/Poison         3
   b - Alistair's Intoxication        Transmutation/Poison         4
   c - Olgreb's Toxic Radiance        Poison                       4
   d - Poisonous Cloud                Conjuration/Poison/Air       6
 x - a Fen Folio

   Spells                             Type                      Level
   a - Corpse Rot                     Necromancy                   2
   b - Stone Arrow                    Conjuration/Earth            3
   c - Leda's Liquefaction            Hexes/Earth                  4
   d - Summon Forest                  Summoning/Translocation      5
   e - Hydra Form                     Transmutation                6
   f - Summon Hydra                   Summoning                    7
 B - a book of Changes

   Spells                             Type                      Level
   a - Beastly Appendage              Transmutation                1
   b - Sticks to Snakes               Transmutation                2
   c - Spider Form                    Transmutation/Poison         3
   d - Ice Form                       Ice/Transmutation            4
   e - Blade Hands                    Transmutation                5
 S - a book of the Warp

   Spells                             Type                      Level
   a - Recall                         Summoning/Translocation      3
   b - Gell's Gravitas                Hexes/Translocation          3
   c - Force Lance                    Conjuration/Translocation    4
   d - Phase Shift                    Translocation                5
   e - Warp Weapon                    Charms/Translocation         5
   f - Summon Forest                  Summoning/Translocation      5
Comestibles
 c - a bread ration
 l - 5 fruits
 o - 2 meat rations
 A - 2 slices of pizza
 I - a beef jerky


   Skills:
 + Level 5.5(5.2) Maces & Flails
 - Level 1.7(1.5) Dodging
 - Level 1.7(1.5) Stealth
 + Level 6.0(5.7) Spellcasting
 * Level 9.6(9.3) Conjurations
 - Level 1.0(0.7) Evocations


You had 5 spell levels left.
You knew the following spells:

 Your Spells              Type           Power        Failure   Level  Hunger
a - Magic Dart            Conj           ####         1%          1    None
b - Dazzling Spray        Conj/Hex       #####...     1%          3    None
c - Stone Arrow           Conj/Erth      #####.       1%          3    None
d - Iskenderun's Mystic   Conj           ######..     1%          4    ###....
e - Force Lance           Conj/Tloc      #####...     4%          4    ###....


Dungeon Overview and Level Annotations

Branches:
Dungeon (8/15)             Temple (0/1) D:6
   Lair: D:8-11

Annotations:
D:8 Hedron's ghost, novice DrCj


Innate Abilities, Weirdness & Mutations

You have an increased reservoir of magic (+10% MP).
Your attributes are resistant to harm.
You have a pair of small antennae on your head.
You have a beak for a mouth.
You have sharp fingernails.
You have large cloven feet.
Your mind is acute. (Int +2)
Your system is resistant to poisons.
Your natural rate of healing is unusually fast.
You expend magic power (3 MP) to strengthen your wands.


Message History

The magic dart hits the two-headed ogre.
The two-headed ogre is moderately wounded.
The two-headed ogre hits you with a giant club! x2
Casting: Magic Dart
Confirm with . or Enter, or press ? or * to list all spells.
Aiming: Magic Dart
Press: ? - help, Shift-Dir - straight line, f/p - two-headed ogre
Aim: a two-headed ogre, wielding two giant clubs (moderately wounded)
The magic dart hits the two-headed ogre.
The two-headed ogre is heavily wounded.
The two-headed ogre closely misses you. The two-headed ogre barely misses you.
Casting: Magic Dart
Confirm with . or Enter, or press ? or * to list all spells.
Aiming: Magic Dart
Press: ? - help, Shift-Dir - straight line, f/p - two-headed ogre
Aim: a two-headed ogre, wielding two giant clubs (heavily wounded)
The magic dart hits the two-headed ogre.
The two-headed ogre is severely wounded.
The two-headed ogre hits you with a giant club!!
You die...

# #
############.######.# .
.......(#........ #
#......... #...
####.###.#.####.###.###
................@O...>#
......##.#..........#.#
###....#.#####..#####
..'................
..#......#####..###
..........# #..#
#.####...... ...#
#.##.#....####.##
#.##.#..#.....


You could see a two-headed ogre.

Vanquished Creatures
  Erolcha (D:8)
  2 hungry ghosts (D:7)
  A water moccasin (D:6)
  A sky beast (D:7)
  An ogre (D:5)
  A phantom (D:4)
  A centaur (D:5)
  5 giant frogs
  A wyvern skeleton (D:7)
  4 scorpions
  4 killer bees (D:8)
  A giant frog skeleton (D:7)
  2 orc priests (D:4)
  3 crimson imps
  An iguana (D:6)
  A jelly (D:6)
  11 orc wizards
  A worker ant (D:7)
  A hound zombie (D:7)
  12 mummies (Ossuary)
  9 adders
  2 shadow imps
  3 oozes
  2 worms
  An adder skeleton (D:7)
  A giant gecko (D:5)
  21 orcs
  6 giant cockroaches
  12 hobgoblins
  7 jackals
  2 bats
  6 giant newts
  2 gnoll skeletons (Ossuary)
  10 goblins
  9 kobolds
  4 kobold skeletons (Ossuary)
  2 orc skeletons (Ossuary)
  3 quokkas
  A quokka skeleton (D:3)
  A quokka zombie (D:5)
  5 rats
  11 rat skeletons (Ossuary)
175 creatures vanquished.

Notes
Turn   | Place    | Note
--------------------------------------------------------------
     0 | D:1      | Alethiolet the Demigod Conjurer began the quest for the Orb.
     0 | D:1      | Reached XP level 1. HP: 14/14 MP: 5/5
   392 | D:1      | Reached skill level 4 in Conjurations
   546 | D:1      | Reached XP level 2. HP: 20/20 MP: 2/7
   837 | D:2      | Found a snail-covered altar of Cheibriados.
   897 | D:2      | You fall through a shaft for 2 floors!
   936 | D:4      | Found a sacrificial altar of Ru.
   943 | D:4      | Reached XP level 3. HP: 26/26 MP: 0/9
   946 | D:4      | Reached XP level 4. HP: 33/33 MP: 0/10
  1015 | D:4      | Got an ichor-stained flail
  1016 | D:4      | Identified the +6 flail of Jippupto {flame, +Inv rF+ rN+ MR+} (You found it on level 4 of the Dungeon)
  1124 | D:4      | Reached skill level 5 in Conjurations
  1204 | D:4      | Noticed a phantom
  1262 | D:3      | Found a shattered altar of Ashenzari.
  1482 | D:3      | Learned a level 3 spell: Dazzling Spray
  1619 | D:3      | Found a white marble altar of Elyvilon.
  1900 | D:2      | Learned a level 3 spell: Stone Arrow
  2067 | D:2      | Reached XP level 5. HP: 38/38 MP: 7/12
  2379 | D:4      | Reached skill level 1 in Evocations
  2565 | D:4      | Learned a level 1 spell: Beastly Appendage
  2604 | D:4      | Killed a phantom
  2604 | D:4      | Reached skill level 1 in Maces & Flails
  2774 | D:4      | Reached XP level 6. HP: 41/45 MP: 1/13
  2952 | D:4      | Found a shimmering altar of Xom.
  2953 | D:4      | Found a burning altar of Makhleb.
  2960 | D:4      | Reached skill level 6 in Conjurations
  3120 | D:5      | Entered Level 5 of the Dungeon
  3305 | D:5      | Found a sand-covered staircase.
  3309 | Ossuary  | Entered an ossuary
  3487 | Ossuary  | Reached XP level 7. HP: 50/50 MP: 15/15
  3630 | Ossuary  | Gained mutation: Your system is resistant to poisons. [potion of mutation]
  3630 | Ossuary  | Gained mutation: Your mind is acute. (Int +2) [potion of mutation]
  3630 | Ossuary  | Gained mutation: You expend magic power (3 MP) to strengthen your wands. [potion of mutation]
  3631 | Ossuary  | Gained mutation: You have sharp fingernails. [potion of mutation]
  3631 | Ossuary  | Gained mutation: You have a beak for a mouth. [potion of mutation]
  3632 | Ossuary  | Gained mutation: Your natural rate of healing is unusually fast. [potion of mutation]
  3632 | Ossuary  | Gained mutation: You have large cloven feet. [potion of mutation]
  3632 | Ossuary  | Gained mutation: You have a pair of small antennae on your head. [potion of mutation]
  4623 | D:6      | Reached skill level 7 in Conjurations
  4641 | D:6      | Found a staircase to the Ecumenical Temple.
  4671 | D:6      | Found an iron altar of Okawaru.
  4900 | D:6      | Reached XP level 8. HP: 49/57 MP: 8/18
  5292 | D:7      | Reached skill level 8 in Conjurations
  5351 | D:7      | Reached skill level 5 in Spellcasting
  5352 | D:7      | Found a basalt altar of Yredelemnul.
  5383 | D:7      | Learned a level 4 spell: Iskenderun's Mystic Blast
  5389 | D:7      | Learned a level 4 spell: Force Lance
  5858 | D:7      | Got a twitching lead amulet
  5867 | D:7      | Identified the amulet of Curiosity {Clar rF+ rC+ Str+4 Int+2} (You found it on level 7 of the Dungeon)
  6326 | D:8      | Noticed Erolcha
  6332 | D:8      | Killed Erolcha
  6332 | D:8      | Reached skill level 5 in Maces & Flails
  6332 | D:8      | Reached skill level 9 in Conjurations
  6332 | D:8      | Reached XP level 9. HP: 50/57 MP: 4/21
  7136 | D:8      | Noticed Hedron's ghost (novice DrCj)
  7182 | D:8      | Slain by a two-headed ogre

Vault maps used:
D:1:      dpeg_arrival_concentric_ovals, serial_bayou_pond_a, minmay_cut_off
D:2:      cheibriados_altar_1
D:3:      ashenzari_altar_1, old_standard_altar, first_bread,
          corexii_item_surrounded_by_moat
D:4:      grunt_temple_overflow_champion_of_chaos,
          nicolae_ru_great_annihilating_truth
D:5:      lightli_ossuary_entry_decrepit_ruins, kennysheep_generic_room_14
D:6:      okawaru_ov_weapons_minmay, minmay_temple_entry_hall,
          columned_hall_lemuel
D:7:      bloody_trog, yredelemnul_altar_generic
D:8:      uniq_erolcha
Ossuary:  ossuary_due_small_catacomb

Action                   |  1- 3 |  4- 6 |  7- 9 || total
-------------------------+-------+-------+-------++-------
Melee: Unarmed           |    19 |       |       ||    19
       Flail             |       |   128 |   113 ||   241
 Cast: Magic Dart        |    55 |    75 |   125 ||   255
       Stone Arrow       |       |     1 |     3 ||     4
       Dazzling Spray    |       |     6 |    13 ||    19
       Beastly Appendage |       |     1 |       ||     1
       Iskenderun's Myst |       |       |     7 ||     7
  Use: Potion            |     6 |     1 |     4 ||    11
       Scroll            |     3 |     4 |    15 ||    22
 Stab: Sleeping          |       |     3 |       ||     3
       Invisible         |       |     1 |       ||     1
  Eat: Bread ration      |       |     3 |     3 ||     6
